[Event "44th Badalona Open 2018"]
[Site "Badalona"]
[Date "2018.08.01"]
[Round "1"]
[White "Salagran Ferragut, Guillem"]
[Black "Aguero Jimenez, Luis Lazaro"]
[Result "0-1"]
[ECO "C90"]
[WhiteElo "2081"]
[BlackElo "2482"]
[Annotator "ChessBase"]
[PlyCount "56"]
[EventDate "2018.08.01"]
[EventType "swiss"]
[EventCountry "ESP"]
[SourceTitle "playchess.com"]
[Source "ChessBase"]
[SourceQuality "1"]
[TimeControl "5400+30"]

1. e4 e5 2. Nf3 Nc6 3. Bb5 a6 4. Ba4 Nf6 5. d3 d6 6. c3 Be7 7. O-O O-O 8. Re1 b5 9. Bb3 Na5 10. Bc2 c5 11. Nbd2 Nc6 12. Nf1 h6 13. h3 Re8 14. Ng3 Bf8 15. Nh2 d5 16. exd5 Nxd5 17. Qf3 Be6 18. Ng4 Qc7 19. Bb3 Nf4 20. Bxe6 Rxe6 21. Bxf4 exf4 22. Rxe6 fxe6 23. Nh5 e5 24. Qe4 Qd6 25. Re1 Ra7 26. Nxe5 Nxe5 27. d4 cxd4 28. cxd4 Ng6 0-1

[Event "44th Badalona Open 2018"]
[Site "Badalona"]
[Date "2018.08.01"]
[Round "1"]
[White "Kruijf, Caspar"]
[Black "Banon Muntal, Benici"]
[Result "1-0"]
[ECO "C00"]
[WhiteElo "1918"]
[BlackElo "1655"]
[Annotator "NA"]
[PlyCount "48"]
[EventDate "2018.08.01"]
[EventType "swiss"]
[EventCountry "ESP"]
[SourceTitle "playchess.com"]
[Source "ChessBase"]
[SourceQuality "1"]
[TimeControl "5400+30"]

1. e4 e6 2. d4 b6 3. Nf3 Bb7 4. Bd3 c5 5. c3 cxd4 6. cxd4 Nf6 7. Nc3 Bb4 8. Qc2 Bxc3+ 9. bxc3 d5 10. e5 Ne4 11. Ba3 Nd7 12. O-O Rc8 13. Bxe4 dxe4 14. Nd2 f5 15. Qb3 Kf7 16. Nc4 Rxc4 17. Qxc4 Bd5 18. Qe2 Qc8 19. Qh5+ g6 20. Qh4 Qd8 21. Qxd8 Rxd8 22. Rfc1 b5 23. Bd6 a6 24. a4 Nb6 1-0

[Event "44th Badalona Open 2018"]
[Site "Badalona"]
[Date "2018.08.01"]
[Round "1"]
[White "Lobo Pereira, Arami"]
[Black "Brandt, Stefan"]
[Result "1-0"]
[ECO "A51"]
[WhiteElo "1658"]
[BlackElo "1940"]
[Annotator "NA RC"]
[PlyCount "76"]
[EventDate "2018.08.01"]
[EventType "swiss"]
[EventCountry "ESP"]
[SourceTitle "playchess.com"]
[Source "ChessBase"]
[SourceQuality "1"]
[TimeControl "5400+30"]

1. d4 Nf6 2. c4 e5 3. e3 Nc6 4. Nc3 Bb4 5. Nf3 Qe7 6. Be2 d6 7. O-O e4 8. Nd2 Bxc3 9. bxc3 O-O 10. Qc2 {[%emt 0:00:30] A28: English Opening: Four Knights Variation} Re8 11. Nb3 Bf5 12. c5 $146 ({Predecessor:} 12. Bd2 Qd7 13. Rab1 Rab8 14. c5 d5 15. c4 dxc4 16. Bxc4 Bh3 {1-0 (57) Hilverda,A (2404)-Wittke,R (2149) Werther 2015}) 12... d5 13. Bb5 Bd7 14. Bxc6 Bxc6 15. a4 Bd7 16. Nd2 Rad8 17. Ba3 c6 18. Rfb1 Bc8 19. Nf1 Qe6 20. Ng3 h6 21. Qe2 g6 22. Rb4 h5 23. h3 Nh7 24. Re1 Re7 25. c4 Nf6 26. Rc1 Kg7 27. Rb2 dxc4 28. Qxc4 Rd5 29. Ne2 g5 30. Ng3 h4 31. Nh1 Nh7 32. Qe2 Qg6 33. f3 exf3 34. Qxf3 f5 35. Nf2 Nf6 36. Nd3 g4 $17 37. hxg4 fxg4 38. Qf2 Qxd3 1-0